 Dungeon Crawl Stone Soup version 0.28.0-43-g3370ac3207 (webtiles) character file.

Game seed: 291709815022406911

21 fknight the Chopper (level 2, -1/27 HPs)
             Began as a Hill Orc Monk on Feb 28, 2022.
             Succumbed to Jessica's poison
             ... on level 2 of the Dungeon.
             The game lasted 00:03:51 (1628 turns).

fknight the Chopper (Hill Orc Monk)                 Turns: 1628, Time: 00:03:51

Health: -1/27      AC:  3    Str: 13    XL:     2   Next: 87%
Magic:  2/2        EV: 12    Int: 14    God:
Gold:   31         SH:  0    Dex: 13    Spells: 1/1 levels left

rFire   + + .      SeeInvis .   a - +0 hand axe
rCold   + . .      Faith    .   (no shield)
rNeg    . . .      Spirit   .   l - +1 robe "Xywueso" {rF+ Int+4}
rPois   +          Reflect  .   (no helmet)
rElec   +          Harm     .   (no cloak)
rCorr   +          Rampage  .   (no gloves)
Will    .....                   (no boots)
Stlth   ++........              (no amulet)
HPRegen 0.09/turn               (no ring)
MPRegen 0.08/turn               (no ring)

@: lethally poisoned (-1 -> -20), resistant
A: no striking features
a: no special abilities


You were on level 2 of the Dungeon.
You visited 1 branch of the dungeon, and saw 2 of its levels.

You collected 31 gold pieces.

Inventory:

Hand Weapons
 a - a +0 hand axe (weapon)
Missiles
 e - 21 stones (quivered)
 i - 25 arrows
Armour
 b - a +0 robe
 l - the +1 robe "Xywueso" (worn) {rF+ Int+4}
   (You found it on level 2 of the Dungeon)

   Int:       It affects your intelligence (+4).
   rF:        It protects you from fire.
Magical Staves
 h - a staff of air
Scrolls
 d - a scroll of noise {unknown}
 g - 2 scrolls of identify {unknown}
 j - a scroll of amnesia {unknown}
Potions
 f - a potion of heal wounds {unknown}
 k - a potion of degeneration {unknown}


   Skills:
 + Level 4.0 Fighting
 + Level 4.3 Axes
 + Level 2.6 Dodging
 + Level 1.9 Stealth


You had one spell level left.
You didn't know any spells.
Your spell library was empty.

Dungeon Overview and Level Annotations

Branches:
Dungeon (2/15)

Altars:
Sif Muna

Annotations:
D:2 Jessica


Message History

You throw a stone.
The stone hits Jessica but does no damage.
You throw a stone. The stone hits Jessica.
Jessica is moderately wounded.
Jessica casts a spell.
Jessica blinks!
You throw a stone.
The stone hits Jessica but does no damage.
Jessica is moderately wounded.
You throw a stone.
The stone hits Jessica but does no damage.
Jessica is moderately wounded.
You throw a stone.
The stone hits Jessica but does no damage.
Jessica is moderately wounded.
You closely miss Jessica.
Jessica is moderately wounded.
Jessica barely misses you.
You barely miss Jessica.
Jessica is moderately wounded.
Jessica completely misses you.
You hit Jessica but do no damage.
Jessica is moderately wounded.
Jessica hits you with a +0 dagger of venom.
You are poisoned.
You barely miss Jessica.
Jessica is moderately wounded.
You feel very sick. Jessica closely misses you.
Jessica hits you with a +0 dagger of venom!
* * * LOW HITPOINT WARNING * * *
You are more poisoned.
It was a potion of resistance.
You feel protected.
* * * LOW HITPOINT WARNING * * *
You feel very sick. Jessica hits you but does no damage.
You closely miss Jessica.
Jessica is lightly wounded.
You die...

#.###.###....#..#.
#.....#...#.....#.
#.#####.##<..#.##.
#.# #.###.##....
#.#####.###.#####.
#>................
#...#.....#####.##
#.#.....#.#####.#
#@#.....#.##....#
###@#...###.###.###
#..(#.....#.....#
###(#####.#######
#.(ยง((#.#
#####@#.# #.# #.#
#.#


You could see Jessica.

Vanquished Creatures
  5 endoplasms
  A giant cockroach (D:1)
  2 hobgoblins
  2 kobolds (D:1)
  2 ball pythons (D:2)
  2 bats
  2 frilled lizards (D:2)
  4 rats (D:1)
20 creatures vanquished.

Vanquished Creatures (others)
  2 plants (D:2)
2 creatures vanquished.

Grand Total: 22 creatures vanquished

Notes
Turn   | Place    | Note
-------+----------+-------------------------------------------
     0 | D:1      | fknight the Hill Orc Monk began the quest for the Orb.
     0 | D:1      | Reached XP level 1. HP: 19/19 MP: 1/1
   470 | D:1      | Reached XP level 2. HP: 27/27 MP: 2/2
  1299 | D:2      | Found a shimmering blue altar of Sif Muna.
  1395 | D:2      | Identified the +1 robe "Xywueso" {rF+ Int+4}
  1613 | D:2      | Noticed Jessica
  1628 | D:2      | Succumbed to Jessica's poison

Illustrated notes

Levels and vault maps discovered:
D:1:      dpeg_arrival_rhombi, layout_rooms, roderic_serpentine_path,
          st_stairs_1
D:2:      layout_basic, basic_altar, minmay_misc_feat_four_crosses,
          serial_bayou_crossing, uniq_jessica

Skill      XL: |  1  2 |
---------------+-------+-----
Fighting       | 4 |  4.0
Axes           | |  4.3
Dodging        | |  2.6
Stealth        | |  1.9

Action                   || total
-------------------------++-------
Melee: Hand axe          ||    73
Throw: Stone             ||    30
  Use: Potion            ||     1
Armor: Robe              ||    22
Dodge: Dodged            ||    50
